 Dungeon Crawl Stone Soup version 0.15-a0-734-g2b8d6ef (webtiles) character file.

615 Infinimo the Ruinous (level 7, -3/46 HPs)
             Began as a Mummy Conjurer on May 11, 2014.
             Slain by a two-headed ogre
             ... wielding a +0,+0 giant club
              (15 damage)
             ... on Level 4 of the Dungeon.
             The game lasted 00:06:15 (5986 turns).

Infinimo the Ruinous (Mummy Conjurer)               Turns: 5986, Time: 00:06:15

HP  -3/46        AC  3     Str 11      XL: 7   Next: 21%
MP  12/12        EV 12     Int 16      God:
Gold 151         SH  0     Dex 12      Spells:  3 memorised,  0 levels left

rFire  x . .     SeeInvis .     g - +0,+1 falchion
rCold  + . .     Clarity  .     a - +1 robe
rNeg   + + +     Conserve .     (no shield)
rPois  +         rCorr    .     (no helmet)
rElec  .         rRot     +     (no cloak)
SustAb . .       Spirit   .     (no gloves)
rMut   .         Warding  .     (no boots)
Gourm  .         Stasis   .     k - amulet of faith
MR     .....                    (no ring)
                                (no ring)

@: about to teleport, not resistant to hostile enchantments, unstealthy
A: no food or potions, fire vulnerability, restore body, cold resistance 1, life
protection 3, poison resistance, torment resistance, unbreathing
a: no special abilities


You were on level 4 of the Dungeon.
You were not hungry.

You visited 1 branch of the dungeon, and saw 4 of its levels.

You collected 151 gold pieces.

Inventory:

Hand weapons
 g - a +0,+1 falchion (weapon)
Armour
 a - a +1 robe (worn)
 b - a +0 buckler
Magical devices
 l - a wand of flame (9)
Scrolls
 e - a scroll of enchant weapon II
 h - 3 scrolls of identify
 i - a scroll of fear
 j - 2 scrolls of teleportation
Jewellery
 d - an uncursed ring of teleportation
 k - an amulet of faith (around neck)
Books
 c - a book of Conjurations

   Spells                             Type                      Level
   *Magic Dart                        Conjuration                  1
   Searing Ray                        Conjuration                  2
   Dazzling Spray                     Conjuration/Hexes            3
   Fulminant Prism                    Conjuration/Hexes            4
   *Iskenderun's Mystic Blast         Conjuration                  4
   *Iskenderun's Battlesphere         Conjuration/Charms           5


   Skills:
 - Level 1.5 Dodging
 - Level 1.5 Stealth
 - Level 2.0 Spellcasting
 + Level 6.2 Conjurations
 * Level 3.5 Charms


You couldn't memorise any spells.
You knew the following spells:

 Your Spells              Type           Power        Failure   Level  Hunger
a - Magic Dart            Conj           ###.         1%          1    N/A
b - Iskenderun's Battles  Conj/Chrm      ###.....     85%         5    N/A
c - Iskenderun's Mystic   Conj           ###.....     17%         4    N/A

Dungeon Overview and Level Annotations

Branches:
Dungeon (4/15)
 Temple: D:4-7

Altars:
Dithmenos
Elyvilon


Innate Abilities, Weirdness & Mutations

You do not eat or drink.
Your flesh is vulnerable to fire.
Your flesh is cold resistant.
You are immune to negative energy.
Your system is resistant to poisons.
You are immune to unholy pain and torment.
You can survive without breathing.


Message History

Casting: Magic Dart
Confirm with . or Enter, or press ? or * to list all spells.
You can't see any susceptible monsters within range! (Use Z to cast anyway.)
You see here a dagger.
Magic restored.
The two-headed ogre is too close now for your liking.
A two-headed ogre is nearby!
Read which item? (? for menu, Esc to quit)
As you read the scroll labeled FROSEI KIAKASO, it crumbles to dust.
You hear a loud clanging noise!
It was a scroll of noise.
The two-headed ogre hits you with a giant club!
Ouch! That really hurt!
Read which item? (? for menu, Esc to quit)
As you read the scroll of teleportation, it crumbles to dust.
You feel strangely unstable.
The two-headed ogre hits you with a giant club!
* * * LOW HITPOINT WARNING * * *
The two-headed ogre hits you with a giant club!
You die...

##.#.## ##.####[.).#.....##..#.
#(#### #..# #..............#.
##.# ##.####.#........###.## .#
#....#....#####.#.#.#. .o
#..#.###........#.....
#########..#.###...##########.
#.#..##..#...#..............
######.#..##..###O###.######..###
.......#........@.)..........>...
.......##.#########.#.####.#..#..
.......##.# #.............#..+..
......###.# #.##.#.#.#######.#..
..........# #.####.#.#.......#..
########### #......#....#.......
#############.#.#... #....#.#...
##########.####.#...


You could see a two-headed ogre.

Vanquished Creatures
  An ogre (D:4)
  2 phantoms (D:4)
  A scorpion (D:4)
  A hound (D:4)
  A giant frog skeleton (D:4)
  5 worker ants (D:4)
  A hound skeleton (D:4)
  4 adders
  A giant mite (D:3)
  A worm (D:4)
  An adder skeleton (D:4)
  An iguana skeleton (D:4)
  3 giant geckos
  5 orcs
  A bat skeleton (D:4)
  11 hobgoblins
  4 jackals (D:4)
  5 bats
  4 giant cockroaches
  5 giant newts
  8 goblins
  A hobgoblin skeleton (D:4)
  10 kobolds
  5 quokkas
  11 rats
93 creatures vanquished.

Notes
Turn   | Place    | Note
--------------------------------------------------------------
     0 | D:1      | Infinimo, the Mummy Conjurer, began the quest for the Orb.
     0 | D:1      | Reached XP level 1. HP: 13/13 MP: 3/3
   764 | D:1      | Reached XP level 2. HP: 14/19 MP: 1/4
  1335 | D:2      | Reached skill level 4 in Conjurations
  1588 | D:2      | Reached XP level 3. HP: 24/24 MP: 0/6
  1778 | D:2      | Found a shadowy altar of Dithmenos.
  2924 | D:3      | Reached XP level 4. HP: 30/30 MP: 3/7
  3645 | D:4      | Reached skill level 5 in Conjurations
  3840 | D:4      | Reached XP level 5. HP: 12/35 MP: 0/9
  4052 | D:4      | Learned a level 5 spell: Iskenderun's Battlesphere
  4354 | D:4      | Noticed a phantom
  4401 | D:4      | Killed a phantom
  4401 | D:4      | Reached skill level 1 in Charms
  4401 | D:4      | Reached XP level 6. HP: 41/41 MP: 1/10
  4618 | D:4      | Found a white marble altar of Elyvilon.
  4645 | D:4      | Noticed an ogre
  4651 | D:4      | Killed an ogre
  4731 | D:4      | Noticed a phantom
  4880 | D:4      | Killed a phantom
  4880 | D:4      | Reached skill level 6 in Conjurations
  5198 | D:4      | Reached XP level 7. HP: 46/46 MP: 6/12
  5244 | D:4      | Learned a level 4 spell: Iskenderun's Mystic Blast
  5590 | D:4      | Noticed an orc warrior
  5600 | D:4      | Noticed a two-headed ogre
  5986 | D:4      | Slain by a two-headed ogre

Action                   |  1- 3 |  4- 6 |  7- 9 || total
-------------------------+-------+-------+-------++-------
Melee: Unarmed           |     6 |       |       ||     6
       Falchion          |     6 |    21 |       ||    27
 Cast: Magic Dart        |    96 |   148 |    42 ||   286
Evoke: Wand              |       |     1 |       ||     1
  Use: Scroll            |     8 |     2 |     2 ||    12
